 Dungeon Crawl Stone Soup version 0.28-a0-1567-g1695149f81 (webtiles) character file.

Game seed: 11628009739537609516

0 meatgazer the Skirmisher (level 1, -10/18 HPs)
             Began as a Demonspawn Abyssal Knight on Jan 19, 2022.
             Was a Follower of Lugonu.
             Mangled by a chaos spawn (14 damage)
             ... on level 1 of the Abyss.
             The game lasted 00:00:10 (107 turns).

meatgazer the Skirmisher (Demonspawn Abyssal Knight) Turns: 107, Time: 00:00:11

Health: -10/18     AC:  3    Str: 13    XL:     1   Next: 0%
Magic:  2/2        EV: 11    Int: 11    God:    Lugonu [*.....]
Gold:   0          SH:  0    Dex: 13    Spells: 0/0 levels left

rFire   . . .      SeeInvis .   a - +1 falchion
rCold   . . .      Faith    .   (no shield)
rNeg    . . .      Spirit   .   b - +0 leather armour
rPois   .          Reflect  .   (no helmet)
rElec   .          Harm     .   (no cloak)
rCorr   .          Rampage  .   (no gloves)
Will    .....                   (no boots)
Stlth   +.........              (no amulet)
HPRegen 0.06/turn               (no ring)
MPRegen 0.08/turn               (no ring)

@: no status effects
A: no striking features
a: Renounce Religion, Depart the Abyss


You were on level 1 of the Abyss.
You worshipped Lugonu.
Lugonu was aware of your devotion.
You visited 0 branches of the dungeon, and saw 0 of its levels.
You visited the Abyss 1 time.

Inventory:

Hand Weapons
 a - a +1 falchion (weapon)
Armour
 b - a +0 leather armour (worn)


   Skills:
 + Level 3.0 Fighting
 + Level 1.7 Long Blades
 + Level 1.7 Armour
 + Level 0.8 Dodging
 + Level 2.4 Invocations


You couldn't memorise any spells.
You didn't know any spells.
Your spell library was empty.

Dungeon Overview and Level Annotations

Branches:
Dungeon (0/15)

Altars:


Message History

Welcome, meatgazer the Demonspawn Abyssal Knight.
Are you destined to find the wondrous Orb of Zot, or to die trying?
Lugonu says: Depart the Abyss and spread corruption, my servant! (use the ability menu to exit the Abyss) Press ? for a list of commands and other information.
Found a corrupted altar of Lugonu.
Found a gateway leading out of the Abyss.
You enter the shallow water.
Moving in this stuff is going to be slow.
Found a gateway leading out of the Abyss.
A large abomination comes into view.
A tentacled starspawn comes into view.
Tentacles burst from the starspawn's body! 2 starspawn tentacles come into view.
A chaos spawn comes into view.
A crimson imp comes into view.
The chaos spawn barks!
The crimson imp shouts!
The chaos spawn hits you!
Ouch! That really hurt!
* * * LOW HITPOINT WARNING * * *
The chaos spawn sears you!
Ouch! That really hurt!
You die...

... ..#. ##
#..##..##.##
##.#........## ###
#...... ..#..# .# #
#...#.###....# ..#.
#..#..#..#.#..# # .#..
#.....54......###.#.#..
#@.X....X..##.#.#
#.##...#.#....X.#
...##..#..#..#.#.#
..#......#.#..#.#...─
#. ≈.###..#.###.###...
.. ≈≈. #.....##.###...
. .##. .####. .##.#...
.# #. .# ## . ... . ...
∩..#....


You could see a tentacled starspawn, a large abomination, a chaos spawn and a
crimson imp.

Vanquished Creatures (others)
  4 starspawn tentacles (Abyss:1)
4 creatures vanquished.

Notes
Turn   | Place    | Note
-------+----------+-------------------------------------------
     0 | Abyss:1  | meatgazer the Demonspawn Abyssal Knight began the quest for
                  | the Orb.
     0 | Abyss:1  | Reached XP level 1. HP: 18/18 MP: 2/2
    88 | Abyss:1  | Noticed a large abomination
    91 | Abyss:1  | Noticed a tentacled starspawn
   102 | Abyss:1  | Noticed a chaos spawn
   103 | Abyss:1  | Noticed a crimson imp
   107 | Abyss:1  | Mangled by a chaos spawn

Illustrated notes

Levels and vault maps discovered:
Abyss:1:  base: Temple, evilmike_abyss_exit_2, base:
Temple

Table legend: (Time is in decaauts)
 A = Elapsed time spent in this place.
 B = Non-inter-level travel time spent in this place.
 C = Inter-level travel time spent in this place.
 D = Time resting spent in this place.
 E = Time spent auto-exploring this place.
 F = Levels seen in this place.
 G = Mean time per level.
                   A        B        C        D        E       F      G
               +--------+--------+--------+--------+--------+-----+--------+
         Total |    107 |    107 |      0 |      0 |     86 |   1 |  107.0 |
         Abyss |    107 |    107 |      0 |      0 |     86 |   1 |  107.0 |
               +--------+--------+--------+--------+--------+-----+--------+

Top non-repeatable levels by time:
 Abyss:1: 107 daAuts
